Map: Lightshade LE

Players

黑羽快斗 (ButAlways) - Winner!

  • Race: Protoss Protoss
  • League: Master

Has

  • Race: Protoss Protoss

Event: DreamHack SC2 Masters 2021 Summer

VOD

Have the link to the VOD?

Description

Time

  • Played on: May 23, 2021, 7:28 a.m.
  • Length: 13:39

All games in this series

Show
View Real Time Build Order
Export as new Build Order

黑羽快斗 Protoss - Winner!

Build Orders: Blink Stalkers 

Get SALT Encoding   

  12  0:00  Probe  
  13  0:12  Probe  
  14  0:16  Pylon  
  14  0:24  Probe (Chrono Boost)  
  15  0:36  Probe (Chrono Boost)  
  15  0:37  Gateway  
  16  0:44  Probe (Chrono Boost)  
  16  0:46  Assimilator  
  17  0:51  Probe  
  17  0:55  Assimilator  
  18  1:03  Probe (Chrono Boost)  
  19  1:12  Probe (Chrono Boost), Gateway  
  19  1:17  Probe (Chrono Boost)  
  20  1:25  Cybernetics Core  
  21  1:29  Probe  
  22  1:34  Pylon  
  22  1:41  Probe  
  23  1:53  Probe  
  24  2:01  Stalker x2, Warp Gate  
  28  2:13  Pylon  
  28  2:31  Sentry  
  28  2:34  Twilight Council  
  30  2:44  Nexus  
  30  2:48  Probe  
  31  2:56  Stalker  
  33  3:00  Probe  
  34  3:08  Blink (Chrono Boost)  
  34  3:12  Probe (Chrono Boost)  
  35  3:17  Pylon  
  35  3:23  Probe (Chrono Boost)  
  36  3:28  Probe (Chrono Boost)  
  37  3:38  Probe (Chrono Boost)  
  38  3:46  Probe (Chrono Boost)  
  39  3:50  Stalker, Sentry  
  39  3:52  Probe  
  44  4:01  Probe  
  45  4:04  Probe  
  45  4:09  Pylon  
  46  4:13  Probe  
  46  4:16  Sentry  
  46  4:17  Probe  
  50  4:20  Pylon  
  50  4:22  Stalker  
  52  4:25  Probe  
  52  4:29  Probe  
  54  4:35  Shield Battery  
  55  4:42  Stalker  
  55  4:43  Probe  
  55  4:44  Assimilator  
  58  4:50  Stalker  
  59  4:53  Shield Battery  
  59  4:55  Resonating Glaives (Chrono Boost)  
  59  5:03  Shield Battery  
  59  5:06  Gateway  
  57  5:07  Stalker  
  57  5:13  Stalker  
  61  5:17  Gateway  
  61  5:35  Stalker  
  55  5:44  Stalker  
  57  5:51  Gateway x2  
  57  5:52  Gateway  
  57  5:55  Forge  
  57  5:57  Probe x2  
  57  5:59  Robotics Facility  
  59  6:07  Stalker, Sentry  
  63  6:23  Protoss Ground Weapons Level 1 (Chrono Boost)  
  63  6:26  Stalker x2  
  63  6:32  Pylon  
  67  6:33  Pylon  
  67  6:37  Stalker x2  
  71  6:41  Pylon  
  72  6:47  Observer  
  72  6:48  Stalker x2  
  72  6:51  Stalker  
  75  7:07  Adept x2  
  71  7:11  Adept x2  
  70  7:23  Probe  
  72  7:30  Probe  
  72  7:38  Nexus, Immortal (Chrono Boost)  
  74  7:59  Stalker x2  
  74  8:00  Stalker x2  
  82  8:10  Observer (Chrono Boost)  
  82  8:12  Photon Cannon  
  83  8:14  Photon Cannon  
  85  8:27  Assimilator  
  84  8:29  Pylon, Adept x2  
  84  8:30  Adept  
  84  8:32  Probe  
  83  8:44  Immortal (Chrono Boost)  
  83  8:45  Probe (Chrono Boost)  
  88  8:52  Probe (Chrono Boost)  
  88  8:54  Stalker  
  90  8:58  Probe (Chrono Boost)  
  92  9:03  Probe x2 (Chrono Boost)  
  93  9:12  Probe x2  
  93  9:13  Robotics Bay  
  95  9:18  Protoss Ground Weapons Level 2 (Chrono Boost)  
  95  9:30  Immortal (Chrono Boost)  
  98  9:42  Probe, Pylon x2  
  99  10:05  Nexus  
  102  10:07  Disruptor (Chrono Boost)  
  102  10:16  Stalker x2  
  106  10:22  Photon Cannon  
  106  10:27  Disruptor (Chrono Boost)  
  109  10:36  Adept  
  109  10:39  Adept  
  113  10:43  Pylon  
  113  10:56  Disruptor (Chrono Boost)  
  116  11:04  Pylon  
  116  11:05  Stalker  
  116  11:06  Stalker  
  107  11:27  Stalker x4  
  107  11:29  Disruptor (Chrono Boost)  
  116  11:39  Observer  
  89  11:56  Stalker x5  
  99  12:03  Disruptor (Chrono Boost)  
  99  12:07  Sentry  
  99  12:08  Sentry  
  105  12:22  Stalker x2  
  105  12:41  Disruptor  
  108  12:44  Stalker x4  
  112  13:04  Stalker x3  
Show
View Real Time Build Order
Export as new Build Order

Has Protoss 

Build Orders:  

Get SALT Encoding   

  12  0:00  Probe  
  13  0:12  Probe  
  14  0:17  Pylon  
  14  0:24  Probe (Chrono Boost)  
  16  0:37  Probe (Chrono Boost), Gateway  
  16  0:41  Probe (Chrono Boost)  
  16  0:47  Assimilator  
  17  0:52  Probe  
  17  0:54  Assimilator  
  18  1:03  Gateway  
  18  1:06  Probe (Chrono Boost)  
  19  1:16  Probe (Chrono Boost)  
  20  1:23  Probe  
  21  1:26  Cybernetics Core  
  21  1:35  Probe  
  22  1:47  Probe  
  23  2:00  Pylon  
  23  2:05  Warp Gate  
  23  2:08  Nexus  
  23  2:18  Stalker  
  23  2:19  Stalker  
  27  2:29  Robotics Facility  
  27  2:40  Pylon  
  27  2:41  Probe  
  28  2:50  Stalker  
  32  2:58  Sentry  
  32  3:00  Shield Battery  
  33  3:14  Immortal (Chrono Boost)  
  36  3:22  Probe x2  
  40  3:43  Warp Prism (Chrono Boost), Pylon  
  40  3:49  Probe  
  42  3:56  Sentry  
  42  3:57  Sentry  
  42  4:01  Probe  
  47  4:09  Immortal (Chrono Boost)  
  50  4:18  Probe x2  
  52  4:37  Stalker x2  
  57  4:38  Observer (Chrono Boost)  
  57  4:39  Pylon  
  58  4:58  Gateway  
  58  5:01  Gateway  
  58  5:05  Stalker x2  
  58  5:07  Probe x2  
  64  5:21  Probe  
  64  5:32  Probe  
  64  5:34  Probe  
  52  5:43  Immortal (Chrono Boost)  
  52  5:44  Probe  
  52  5:46  Probe  
  52  5:48  Twilight Council  
  52  5:55  Shield Battery  
  52  5:56  Pylon  
  51  5:58  Assimilator  
  51  6:01  Stalker x2  
  54  6:12  Warp Prism (Chrono Boost)  
  54  6:15  Shield Battery  
  54  6:26  Dark Shrine  
  54  6:28  Adept x2  
  54  6:30  Probe x2  
  60  6:42  Probe x2, Assimilator  
  63  6:54  Probe x2  
  63  6:59  Stalker x3  
  70  7:01  Zealot  
  70  7:06  Probe  
  73  7:12  Probe  
  72  7:16  Observer  
  68  7:27  Pylon  
  68  7:30  Probe  
  68  7:33  Pylon  
  68  7:34  Gateway  
  68  7:35  Gateway  
  69  7:39  Dark Templar  
  69  7:42  Dark Templar x2  
  75  7:48  Stalker  
  77  7:52  Probe  
  77  7:53  Probe  
  77  7:56  Blink (Chrono Boost)  
  77  8:04  Probe  
  78  8:09  Probe  
  79  8:14  Sentry x2  
  79  8:15  Stalker  
  79  8:16  Probe  
  86  8:21  Probe  
  86  8:23  Pylon x2  
  87  8:28  Probe, Forge  
  87  8:34  Probe  
  87  8:41  Stalker x5  
  97  8:51  Protoss Ground Weapons Level 1 (Chrono Boost), Nexus  
  97  8:53  Sentry  
  97  8:55  Pylon  
  93  9:12  Archon  
  93  9:17  Dark Templar  
  93  9:18  Probe x2, Observer  
  93  9:21  Shield Battery  
  93  9:22  Shield Battery  
  93  9:23  Stalker x2  
  99  9:27  Stalker  
  101  9:32  Stalker  
  101  9:36  Observer  
  101  9:38  Stalker  
  103  9:52  Shield Battery x2  
  103  9:54  Pylon  
  103  9:55  Stalker x2  
  107  10:04  Observer (Chrono Boost)  
  107  10:06  Stalker x2  
  112  10:07  Stalker  
  114  10:24  Stalker x2  
  114  10:25  Stalker  
  120  10:31  Dark Templar  
  120  10:35  Shield Battery  
  122  10:38  Shield Battery  
  122  10:41  Pylon  
  122  10:45  Observer  
  122  10:47  Dark Templar  
  122  10:48  Dark Templar  
  126  10:52  Archon  
  126  10:55  Stalker  
  126  10:59  Stalker  
  126  11:04  Stalker  
  130  11:12  Pylon  
  107  11:25  Stalker x2  
  107  11:26  Stalker x3  
  117  11:35  Stalker  
  96  11:52  Stalker x5  
  90  11:56  Probe x2  
  90  11:57  Probe  
  90  11:59  Stalker  
  95  12:05  Assimilator  
  95  12:08  Probe  
  94  12:16  Stalker x2  
  94  12:17  Zealot x3  
  94  12:22  Stalker  
  105  12:26  Probe x2  
  91  12:39  Stalker x3  
  91  12:41  Zealot  
  91  12:42  Zealot  
  93  12:53  Stalker  
  91  13:03  Stalker x5  
  101  13:07  Gateway  
  101  13:09  Gateway  
  101  13:12  Gateway  
Tags
 
Add a new tag
Caveats
  • Supply blocks, unpowered buildings, or Contaminate may cause inaccurate times.
  • Supply counts are checked every 10 seconds.